 Dungeon Crawl Stone Soup version 0.17.1-3-g152610e (webtiles) character file.

280 Heskey the Skirmisher (level 6, -1/50 HPs)
             Began as a Demonspawn Fighter on Mar 23, 2016.
             Slain by an iguana (5 damage)
             ... on level 3 of the Dungeon.
             The game lasted 00:03:30 (2778 turns).

Heskey the Skirmisher (Demonspawn Fighter)          Turns: 2778, Time: 00:03:30

Health: -1/50      AC: 10    Str: 19    XL:     6   Next: 5%
Magic:  0/6        EV:  7    Int:  9    God:
Gold:   214        SH:  9    Dex: 11    Spells: 0 memorised, 5 levels left

rFire  . . .     SeeInvis .     a - +0 war axe
rCold  . . .     Clarity  .     b - +0 scale mail
rNeg   . . .     SustAt   .     c - +0 shield
rPois  .         Gourm    .     (no helmet)
rElec  .         Spirit   +     (no cloak)
rCorr  .         Warding  .     (no gloves)
rMut   .         Stasis   .     (no boots)
MR     .....                    (no amulet)
Stlth  ..........               (no ring)
                                (no ring)

@: lethally poisoned (-1 -> -4), not resistant to hostile enchantments,
extremely unstealthy
A: talons 1, rough black scales 1, magic shield
a: no special abilities


You were on level 3 of the Dungeon.
You were not hungry.

You visited 1 branch of the dungeon, and saw 4 of its levels.

You collected 214 gold pieces.

Inventory:

Hand Weapons
 a - a +0 war axe (weapon)
Armour
 b - a +0 scale mail (worn)
 c - a +0 shield (worn)
Scrolls
 h - 3 scrolls of identify {unknown}
 i - a scroll of random uselessness {unknown}
 j - 2 scrolls of recharging {unknown}
 k - 2 scrolls of blinking {unknown}
 l - 2 scrolls of magic mapping {unknown}
 n - 2 scrolls of remove curse {unknown}
 p - a scroll of teleportation {unknown}
 r - a scroll of fear {unknown}
 w - a scroll of fog {unknown}
Potions
 g - a potion of heal wounds {unknown}
 m - a potion of ambrosia {unknown}
 q - a potion of magic
 t - a potion of flight {unknown}
 u - a potion of curing {unknown}
 v - a potion of might
Books
 o - a book of Power

   Spells                             Type                      Level
   a - Fulminant Prism                Conjuration/Hexes            4
   b - Iskenderun's Mystic Blast      Conjuration                  4
   c - Venom Bolt                     Conjuration/Poison           5
   d - Bolt of Magma                  Conjuration/Fire/Earth       5
   e - Iron Shot                      Conjuration/Earth            6
   f - Orb of Destruction             Conjuration                  7
   g - Spellforged Servitor           Conjuration/Summoning        7
Comestibles
 d - 3 fruits
 e - 3 bread rations
 f - a beef jerky
 s - a meat ration


   Skills:
 * Level 4.9 Fighting
 + Level 3.2 Axes
 + Level 3.2 Armour
 + Level 3.7 Shields


You had 5 spell levels left.
You didn't know any spells.

Dungeon Overview and Level Annotations

Branches:
Dungeon (4/15)
 Temple: D:4-7

Altars:
Gozag
Nemelex Xobeh
The Shining One

Shops:
D:4 %


Innate Abilities, Weirdness & Mutations

You have sharp toenails.
You are partially covered in rough black scales (AC +4, Dex -1).
When hurt, damage is shared between your health and your magic reserves.


Message History

The iguana bites you but does no damage.
The gnoll hits you from afar with a spear.
* * * LOW HITPOINT WARNING * * *
The iguana bites you!
* * * LOW HITPOINT WARNING * * *
Unknown command.
You block the gnoll's attack.
You feel sick. The gnoll hits you but does no damage.
You feel sick. You block the gnoll's attack.
There is a stone staircase leading up here.
The gnoll hits you from afar with a spear.
* * * LOW HITPOINT WARNING * * *
The iguana bites you but does no damage.
You climb upwards.
You feel sick.
There is a stone staircase leading down here.
Drink which item? (? for menu, Esc to quit)
It was a potion of magic.
Magic courses through your body. The iguana bites you!
You die...

###############
#........@l...#
#.###########.#######
#.# #.......# #.#
#######.# #.# ######
#.# ###.######....#
#.#
######..........##.#
###.#
...รท......########.#
#<..# .#####.##.# #.#
#.###


You could see an iguana.

Vanquished Creatures
  An ogre (D:4)
  4 gnolls (D:2)
  9 adders
  A worm (D:3)
  2 giant geckos (D:1)
  6 bats
  5 giant cockroaches
  6 goblins
  9 hobgoblins
  7 kobolds
  A quokka (D:2)
  2 ball pythons
  6 giant newts
  A jackal skeleton (D:4)
  A quokka skeleton (D:4)
  9 rats
70 creatures vanquished.

Notes
Turn   | Place    | Note
--------------------------------------------------------------
     0 | D:1      | Heskey the Demonspawn Fighter began the quest for the Orb.
     0 | D:1      | Reached XP level 1. HP: 18/18 MP: 1/1
   115 | D:1      | Gained mutation: You have sharp toenails. [demonic ancestry]
   115 | D:1      | Reached XP level 2. HP: 22/24 MP: 2/2
   580 | D:2      | Reached XP level 3. HP: 27/29 MP: 3/3
   628 | D:2      | Found an opulent altar of Gozag.
   966 | D:2      | Gained mutation: You are partially covered in rough black scales (AC +4, Dex -1). [demonic ancestry]
   966 | D:2      | Reached XP level 4. HP: 20/37 MP: 4/4
  1169 | D:2      | Reached skill level 4 in Fighting
  1547 | D:3      | Gained mutation: When hurt, damage is shared between your health and your magic reserves. [demonic ancestry]
  1547 | D:3      | Reached XP level 5. HP: 40/42 MP: 5/5
  1866 | D:3      | Found a sparkling altar of Nemelex Xobeh.
  1869 | D:3      | Found a glowing golden altar of the Shining One.
  2379 | D:4      | Noticed an ogre
  2390 | D:4      | Killed an ogre
  2647 | D:4      | Reached XP level 6. HP: 48/50 MP: 6/6
  2753 | D:4      | Found Meinal's Food Boutique.
  2778 | D:3      | Slain by an iguana

Action                   |  1- 3 |  4- 6 || total
-------------------------+-------+-------++-------
Melee: War axe           |    91 |   126 ||   217
  Use: Potion            |     4 |     1 ||     5
  Eat: Bread ration      |     1 |       ||     1
       Chunk             |       |     2 ||     2
